 Dungeon Crawl Stone Soup version 0.28.0 (webtiles) character file.

Game seed: 6898510889546657966

70 fiver49 the Slasher (level 4, -4/36 HPs)
             Began as a Barachi Abyssal Knight on Feb 5, 2022.
             Was a Follower of Lugonu.
             Slain by a gnoll (5 damage)
             ... on level 2 of the Dungeon.
             The game lasted 00:05:08 (2150 turns).

fiver49 the Slasher (Barachi Abyssal Knight)        Turns: 2150, Time: 00:05:09

Health: -4/36      AC:  3    Str: 16    XL:     4   Next: 22%
Magic:  5/5        EV: 11    Int: 10    God:    Lugonu [*.....]
Gold:   35         SH:  0    Dex: 13    Spells: 3/3 levels left

rFire   . . .      SeeInvis +   a - +1 falchion
rCold   . . .      Faith    .   (no shield)
rNeg    . . .      Spirit   .   b - +0 leather armour
rPois   .          Reflect  .   (no helmet)
rElec   .          Harm     .   (no cloak)
rCorr   .          Rampage  .   (no gloves)
Will    .....                   (no boots)
Stlth   +.........              (no amulet)
HPRegen 0.12/turn               d - ring of see invisible
MPRegen 0.09/turn               (no ring)

@: unable to hop, slow
A: amphibious, slowness 1, strong legs 1, +LOS
a: Hop, Renounce Religion, Depart the Abyss


You were on level 2 of the Dungeon.
You worshipped Lugonu.
Lugonu was aware of your devotion.
You visited 1 branch of the dungeon, and saw 3 of its levels.
You visited the Abyss 1 time.

You collected 35 gold pieces.

Inventory:

Hand Weapons
 a - a +1 falchion (weapon)
Missiles
 e - 3 poisoned darts (quivered)
Armour
 b - a +0 leather armour (worn)
Jewellery
 d - a ring of see invisible (left hand)
   (You found it on level 1 of the Dungeon)
Scrolls
 c - a scroll of blinking {unknown}
 f - a scroll of teleportation {unknown}
 h - a scroll of vulnerability {unknown}
 j - a scroll of enchant armour {unknown}
 k - a scroll of amnesia {unknown}
Potions
 g - a potion of mutation {unknown}


   Skills:
 - Level 3.6 Fighting
 * Level 4.5 Long Blades
 - Level 2.4 Armour
 - Level 1.1 Dodging
 + Level 2.5 Invocations


You had 3 spell levels left.
You didn't know any spells.
Your spell library was empty.

Dungeon Overview and Level Annotations

Branches:
Dungeon (3/15)

Altars:


Innate Abilities, Weirdness & Mutations

You are amphibious.
You cover ground slowly.
You can hop short distances.
You have an extended range of vision and can be seen from far away.


Message History

The hobgoblin is almost dead.
The hobgoblin hits you.
You hit the hobgoblin.
You kill the hobgoblin!
Lugonu accepts your kill.
You see here 14 stones.
Found a stone staircase leading up.
You open the door.
There is an open door here.
Found 26 arrows.
A gnoll comes into view. It is wielding a +0 whip.
The gnoll shouts!
A gnoll comes into view. It is wielding a +0 club.
The gnoll shouts!
You hear a shout!
A gnoll comes into view. It is wielding a +0 whip.
The gnoll shouts!
You throw a poisoned dart. The poisoned dart hits the gnoll.
A gnoll comes into view. It is wielding a +0 flail.
You throw a poisoned dart.
The poisoned dart completely misses the gnoll.
You hit the gnoll.
The gnoll is lightly wounded.
The gnoll closely misses you.
You slash the gnoll!
The gnoll is severely wounded.
The gnoll hits you with a +0 whip.
You closely miss the gnoll.
The gnoll is severely wounded.
The gnoll hits you with a +0 whip.
You hit the gnoll but do no damage.
The gnoll is severely wounded.
The gnoll closely misses you.
You slash the gnoll!
You kill the gnoll!
Lugonu accepts your kill.
You have reached level 4!
You feel agile.
You barely miss the gnoll. You hit the gnoll.
The gnoll is lightly wounded.
The gnoll hits you with a +0 whip.
You slash the gnoll!
The gnoll is heavily wounded.
The gnoll completely misses you. The gnoll hits you with a +0 whip.
You are too injured to fight recklessly!
You are too injured to fight recklessly!
You hit the gnoll.
The gnoll is almost dead.
The gnoll hits you with a +0 whip.
You slash the gnoll!
You kill the gnoll!
Lugonu accepts your kill.
You barely miss the gnoll. The gnoll barely misses you.
You closely miss the gnoll. The gnoll hits you with a +0 club.
* * * LOW HITPOINT WARNING * * *
You slash the gnoll! You punch the gnoll, but do no damage.
The gnoll is severely wounded.
The gnoll hits you with a +0 club.
* * * LOW HITPOINT WARNING * * *
You are confused.
You feel invigorated. The gnoll hits you with a +0 club.
* * * LOW HITPOINT WARNING * * *
You bump into the rock wall.
The gnoll hits you with a +0 club!
* * * LOW HITPOINT WARNING * * *
The gnoll hits you with a +0 club!
* * * LOW HITPOINT WARNING * * *
You bump into the rock wall.
The gnoll misses you. The gnoll hits you with a +0 club.
* * * LOW HITPOINT WARNING * * *
You feel less invigorated.
You feel less confused.
Hop to where?
Press: ? - help, Dir - move target Boing!
There is a stone staircase leading down here.
You climb downwards.
There is a stone staircase leading up here.
You start resting.
You are ready to hop once more.
You start resting.
HP restored.
You climb upwards.
The gnoll hits you but does no damage. x2
There is a stone staircase leading down here.
The gnoll hits you with a +0 club. The gnoll hits you with a +0 flail!
The gnoll hits you with a +0 flail!
You slash the gnoll!
The gnoll is severely wounded.
The gnoll hits you with a +0 club.
You closely miss the gnoll.
The gnoll is severely wounded.
The gnoll barely misses you. The gnoll hits you with a +0 club!
* * * LOW HITPOINT WARNING * * *
Hop to where?
Press: ? - help, Dir - move target Boing!
The gnoll hits you with a +0 flail.
* * * LOW HITPOINT WARNING * * *
The gnoll hits you with a +0 flail.
You die...

#..##.# ##.##.# #.##.#
#..#.# ##.#.# #.#.# #...#
#.# ###..# #.# #.g@>###
#.# #.....# #g##...# #.#
#.....# #.##...# #.#
#.....# #.##...# #.#
#.....# #.##...# #.#
#####.....# #.##...## #.#
#.........###'##.#..###.#
#................#≈(....#
#................#≈≈..###


You could see 2 gnolls.

Vanquished Creatures
  2 gnolls (D:2)
  2 adders (D:2)
  A dart slug (D:1)
  A bat (D:2)
  3 endoplasms (D:1)
  2 goblins (D:1)
  3 hobgoblins
  4 jackals (D:1)
  2 quokkas (D:1)
  4 ball pythons
  4 frilled lizards (D:1)
  A kobold (D:1)
  A rat (D:1)
30 creatures vanquished.

Notes
Turn   | Place    | Note
-------+----------+-------------------------------------------
     0 | Abyss:1  | fiver49 the Barachi Abyssal Knight began the quest for the
                  | Orb.
     0 | Abyss:1  | Reached XP level 1. HP: 18/18 MP: 2/2
    48 | Abyss:1  | Noticed a wretched star
    49 | D:1      | Escaped the Abyss
   139 | D:1      | HP: 4/18 [ball python (3)]
   140 | D:1      | HP: 1/18 [constriction (1)]
   600 | D:1      | Reached skill level 3 in Long Blades
   674 | D:1      | Reached XP level 2. HP: 20/24 MP: 3/3
   755 | D:1      | Reached skill level 2 in Invocations
   944 | D:1      | Reached * piety under Lugonu
  1117 | D:1      | Reached XP level 3. HP: 29/29 MP: 4/4
  1534 | D:2      | Reached skill level 4 in Long Blades
  1545 | D:2      | HP: 7/29 [bat (1)]
  1547 | D:2      | HP: 3/29 [bat (1)]
  1550 | D:2      | HP: 1/29 [poisoned by an adder]
  1872 | D:2      | Reached XP level 4. HP: 27/36 MP: 5/5
  1879 | D:2      | HP: 6/36 [gnoll (5)]
  1884 | D:2      | HP: 2/36 [gnoll (6)]
  2145 | D:2      | HP: 5/36 [gnoll (7)]
  2149 | D:2      | HP: 1/36 [gnoll (4)]
  2150 | D:2      | Slain by a gnoll

Illustrated notes

Levels and vault maps discovered:
D:1:      wheals_arrival_shading, layout_basic
D:2:      layout_basic, moated_statue
D:3:      layout_basic, mainiacjoe_overflow_chevrons,
          mainiacjoe_overflow_tiny_flanked, nicolae_ecumenical_oubliette,
          uniq_ijyb

Skill      XL: |  1  2  3 |
---------------+----------+-----
Long Blades    | 3 4 |  4.5
Invocations    | 2 |  2.5
Fighting       | |  3.6
Armour         | |  2.4
Dodging        | |  1.1

Action                   |  1- 3 |  4- 6 || total
-------------------------+-------+-------++-------
Melee: Falchion          |   115 |    10 ||   125
       Punch             |       |     1 ||     1
Throw: Dart              |    16 |       ||    16
Invok: Depart the Abyss  |     1 |       ||     1
 Abil: Hop               |     1 |     2 ||     3
  Use: Potion            |     1 |     1 ||     2
Armor: Leather armour    |    24 |     2 ||    26
Dodge: Dodged            |    83 |     4 ||    87

Table legend: (Time is in decaauts)
 A = Elapsed time spent in this place.
 B = Non-inter-level travel time spent in this place.
 C = Inter-level travel time spent in this place.
 D = Time resting spent in this place.
 E = Time spent auto-exploring this place.
 F = Levels seen in this place.
 G = Mean time per level.
                   A        B        C        D        E       F      G
               +--------+--------+--------+--------+--------+-----+--------+
         Total |   2319 |   2292 |     27 |    782 |   1204 |   4 |  579.8 |
       Dungeon |   2260 |   2233 |     27 |    782 |   1146 |   3 |  753.3 |
         Abyss |     58 |     58 |      0 |      0 |     57 |   1 |   58.0 |
               +--------+--------+--------+--------+--------+-----+--------+

Top non-repeatable levels by time:
     D:1: 1584 daAuts
     D:2: 427 daAuts
     D:3: 248 daAuts
 Abyss:1: 58 daAuts

Table legend:
 A = Kills in this place as a percentage of kills in entire the game.
 B = Kills by you in this place as a percentage of kills by you in the entire game.
 C = Kills by friends in this place as a percentage of kills by friends in the entire game.
 D = Other kills in this place as a percentage of other kills in the entire game.
 E = Experience gained in this place as a percentage of experience gained in the entire game.
 F = Experience gained in this place divided by the number of levels of this place that you have seen.
                   A       B       C       D       E      F
               +-------+-------+-------+-------+-------+----------------------
         Total | 100.0 | 100.0 |   N/A |   N/A | 100.0 |  25.2
       Dungeon | 100.0 | 100.0 |   N/A |   N/A | 100.0 |  33.7
               +-------+-------+-------+-------+-------+----------------------
